 Dungeon Crawl Stone Soup version 0.28.0 (webtiles) character file.

Game seed: 4162586651738489412

2947 shoop the Spear-Bearer (level 9, 0/59 HPs)
             Began as a Merfolk Artificer on Feb 8, 2022.
             Was an Elder of Lugonu.
             Killed from afar by a white imp (7 damage)
             ... with a puff of frost
             ... summoned by Eustachio
             ... on level 6 of the Dungeon.
             The game lasted 00:27:04 (12757 turns).

shoop the Spear-Bearer (Merfolk Artificer)         Turns: 12757, Time: 00:27:04

Health: 0/59       AC:  6    Str: 17    XL:     9   Next: 80%
Magic:  24/24      EV: 13    Int: 16    God:    Lugonu [****..]
Gold:   254        SH:  0    Dex: 16    Spells: 10/12 levels left

rFire   . . .      SeeInvis .   P - +0 glaive
rCold   . . .      Faith    .   (shield currently unavailable)
rNeg    . . .      Spirit   .   H - +0 robe of Going Fast {Dex+2}
rPois   .          Reflect  .   (no helmet)
rElec   .          Harm     .   u - +0 cloak
rCorr   .          Rampage  .   A - +2 pair of gloves
Will    .....                   (no boots)
Stlth   ++........              M - amulet of magic regeneration
HPRegen 0.19/turn               i - ring of magical power
MPRegen 0.59/turn               F - +6 ring of intelligence

@: no status effects
A: (nimble swimmer 2), mertail
a: Renounce Religion, Depart the Abyss, Bend Space, Banish, Corrupt


You were on level 6 of the Dungeon.
You worshipped Lugonu.
Lugonu was greatly pleased with you.
You visited 1 branch of the dungeon, and saw 7 of its levels.
You also visited: Sewer.

You collected 254 gold pieces.

Inventory:

Hand Weapons
 a - a +0 club
 f - a +0 mace
 g - a +0 quarterstaff
 j - a +0 dagger of electrocution
 K - a +0 trident
 N - a +0 halberd
 P - a +0 glaive (weapon)
Missiles
 h - 32 poisoned darts
Armour
 b - a +0 leather armour
 r - a +0 robe of cold resistance
 u - a +0 cloak (worn)
 A - a +2 pair of gloves (worn)
 D - the +0 chain mail of the Sea {rPois Will+}
   (You took it off an orc priest on level 4 of the Dungeon)

   rPois:     It protects you from poison.
   Will:      It increases your willpower.
 H - the +0 robe of Going Fast (worn) {Dex+2}
   (You found it on level 5 of the Dungeon)

   Dex:       It affects your dexterity (+2).
 Q - +0 steam dragon scales
Jewellery
 i - a ring of magical power (left hand)
 F - a +6 ring of intelligence (right hand)
 M - an amulet of magic regeneration (around neck)
Wands
 c - a wand of flame (14) (quivered)
 d - a wand of charming (13)
Scrolls
 l - 2 scrolls of vulnerability {unknown}
 m - 6 scrolls of identify {unknown}
 o - 3 scrolls of summoning
 p - 2 scrolls of noise {unknown}
 s - 2 scrolls of enchant armour {unknown}
 w - a scroll of fog {unknown}
 x - a scroll of magic mapping {unknown}
 y - 2 scrolls of fear {unknown}
 C - 5 scrolls of teleportation {unknown}
 G - a scroll of enchant weapon {unknown}
 I - a scroll of blinking {unknown}
 J - a scroll of amnesia {unknown}
 O - a scroll of immolation {unknown}
Potions
 k - a potion of brilliance {unknown}
 n - 3 potions of haste
 q - 2 potions of curing {unknown}
 t - 2 potions of attraction {unknown}
 v - a potion of mutation {unknown}
 z - a potion of might {unknown}
 B - 2 potions of lignification {unknown}
 E - a potion of heal wounds {unknown}
 L - a potion of degeneration {unknown}
 R - a potion of flight {unknown}
Miscellaneous
 e - a piece from Xom's chessboard (10/15)


   Skills:
 - Level 1.1 Fighting
 - Level 1.0 Short Blades
 + Level 11.6 Polearms
 - Level 0.6(4.2) Staves
 - Level 2.0 Throwing
 - Level 2.0 Armour
 - Level 3.0 Dodging
 - Level 2.0 Stealth
 - Level 2.0 Spellcasting
 - Level 2.0 Transmutations
 - Level 2.0 Earth Magic
 - Level 9.0 Invocations
 - Level 3.3 Evocations


You had 10 spell levels left.
You knew the following spells:

 Your Spells              Type           Power      Damage    Failure   Level
p - Passwall              Tmut/Erth      6%         N/A       14%         2

Your spell library contained the following spells:

 Spells                   Type           Power      Damage    Failure   Level
 Sandblast                Erth           16%        2d6       9%          1
 Magic Dart               Conj           4%         1d3       21%         1
 Blink                    Tloc           2%         N/A       30%         2
 Searing Ray              Conj           2%         2d4       30%         2
 Stone Arrow              Conj/Erth      8%         3d7       38%         3
 Ignite Poison            Fire/Tmut/Pois 3%         N/A       43%         3
 Mephitic Cloud           Conj/Pois/Air  1%         N/A       52%         3
 Fulminant Prism          Conj/Hex       0%         3d6       90%         4
 Freezing Cloud           Conj/Ice/Air   0%         6-21      99%         5
 Manifold Assault         Tloc           1%         N/A       99%         5
 Storm Form               Tmut/Air       2%         N/A       100%        7


Dungeon Overview and Level Annotations

Branches:
Dungeon (7/15)             Temple (0/1) D:4           Sewer (visited)

Altars:
Cheibriados
Hepliaklqana
Lugonu

Shops:
D:3 [=

Annotations:
D:4 exclusion: ogre
D:6 Eustachio, Maggie


Innate Abilities, Weirdness & Mutations

((You are very nimble when in or above water. (Stealth+, EV+, Speed+++)))
Your lower body shifts to a powerful aquatic tail in water.


Message History

Press: ? - help, Dir - move target, f - white imp, p - Eustachio
Aim: a white imp (moderately wounded, summoned, poisoned, about 41% to evade your +0 glaive)
You reach to attack!
You hit the white imp.
The white imp is moderately wounded.
The white imp gestures at you. The puff of frost hits you.
* * * LOW HITPOINT WARNING * * *
Aiming: Throw Flame
Press: ? - help, Q - select action, (/) - cycle Shift-Dir - straight line, f - Eustachio, p - white imp
Aim: Eustachio, wielding a +0 rapier and wearing a +2 leather armour of cold resistance (almost dead, 60% to hit)
The puff of flame misses Eustachio.
The white imp looks more healthy.
Eustachio screams, "This atrocity can only be purified with blood!"
The white imp gestures at you. The puff of frost hits you.
* * * LOW HITPOINT WARNING * * *
The white imp gestures at you. The puff of frost misses you.
Reach: P) +0 glaive
Press: ? - help, Dir - move target, f/p - Eustachio
Aim: Eustachio, wielding a +0 rapier and wearing a +2 leather armour of cold resistance (almost dead, about 52% to evade your +0 glaive)
The white imp is in the way.
You closely miss the white imp.
The white imp is severely wounded.
Eustachio casts a spell.
The white imp hits you.
* * * LOW HITPOINT WARNING * * *
The white imp freezes you.
* * * LOW HITPOINT WARNING * * *
Unknown command.
Reach: P) +0 glaive
Press: ? - help, Dir - move target, f/p - Eustachio
Aim: Eustachio, wielding a +0 rapier and wearing a +2 leather armour of cold resistance (almost dead, about 52% to evade your +0 glaive)
You reach to attack!
You closely miss Eustachio.
Eustachio is almost dead.
The white imp completely misses you. Eustachio hits you with a +0 rapier.
* * * LOW HITPOINT WARNING * * *
The white imp gestures at you. The puff of frost hits you!
You die...

#..## (.........##
##.##
###...##..........@##
#..#
##...#.@...........##
#..# ...###
##..........# ##..
.### #....[..## #..
## #.....# #.. ######
##...## ##. ......
##...## #. ......
#..@.## #. ......
##.5@5# ## ......
##...## # .....@
#5...## # ......
##....## # ......
#.....## # ......
##.....## ### ......
##..(..#######..
..... #...(.....#...#


You could see Eustachio, an iron imp (summoned) and 2 white imps.

Vanquished Creatures
  Grinder (D:4)
  A steam dragon (D:7)
  Edmund (D:6)
  A black bear (D:6)
  2 orc warriors (D:7)
  2 sky beasts (D:6)
  2 ogres
  2 necrophages (D:7)
  2 centaurs
  A phantom (D:5)
  A bullfrog (D:6)
  3 kobold brigands
  3 scorpions
  A centaur zombie (D:6)
  A bullfrog zombie (D:6)
  A jelly (D:7)
  4 orc priests
  3 hounds
  A gnoll shaman (D:7)
  Natasha (twice) (D:4)
  2 iguanas
  4 orc wizards
  10 gnolls
  2 howler monkey skeletons (D:5)
  10 adders
  5 river rats (Sewer)
  An ufetubus (D:6)
  2 adder skeletons (D:2)
  An adder zombie (D:2)
  3 worms
  A dart slug (D:2)
  9 orcs
  16 ball pythons
  2 bat skeletons (D:2)
  3 endoplasms
  6 giant cockroaches
  9 goblins
  7 hobgoblins
  8 jackals
  2 quokkas (D:1)
  A ball python zombie (D:2)
  3 bats
  18 frilled lizards
  A giant cockroach zombie (D:2)
  10 kobolds
  5 rats
176 creatures vanquished.

Vanquished Creatures (collateral kills)
  A gnoll (D:4)
  2 orcs (D:4)
3 creatures vanquished.

Vanquished Creatures (others)
  5 plants (Sewer)
5 creatures vanquished.

Grand Total: 184 creatures vanquished

Notes
Turn   | Place    | Note
-------+----------+-------------------------------------------
     0 | D:1      | shoop the Merfolk Artificer began the quest for the Orb.
     0 | D:1      | Reached XP level 1. HP: 15/15 MP: 1/1
   272 | D:1      | Reached XP level 2. HP: 15/21 MP: 2/2
   450 | D:1      | Reached skill level 1 in Armour
   583 | D:1      | Reached XP level 3. HP: 14/26 MP: 3/3
   849 | D:1      | Reached skill level 1 in Throwing
  1102 | D:1      | Found a faded altar of an unknown god.
  1460 | D:1      | Prayed at the altar of an unknown god.
  1460 | D:1      | Became a worshipper of Lugonu the Unformed
  1460 | D:1      | Reached * piety under Lugonu
  1460 | D:1      | Reached ** piety under Lugonu
  1587 | D:2      | Found a hazy altar of Hepliaklqana.
  1944 | D:2      | Reached skill level 1 in Short Blades
  1944 | D:2      | Reached XP level 4. HP: 32/32 MP: 4/4
  2546 | D:3      | Reached skill level 1 in Invocations
  2748 | D:3      | Reached XP level 5. HP: 22/37 MP: 6/6
  2868 | D:3      | Found a glowing drain.
  2877 | Sewer    | Entered a sewer
  3106 | Sewer    | Noticed a kobold brigand
  3127 | Sewer    | Killed a kobold brigand
  3127 | Sewer    | Reached *** piety under Lugonu
  3258 | Sewer    | Noticed a kobold brigand
  3274 | Sewer    | Reached XP level 6. HP: 40/43 MP: 8/8
  3769 | Sewer    | Reached skill level 5 in Invocations
  3960 | D:3      | Found Capruqa's Armour Shoppe.
  4121 | D:3      | Found Red Cuxt's Jewellery Shoppe.
  4272 | D:4      | Noticed Grinder
  4274 | D:4      | Noticed a necrophage
  4396 | D:4      | Found a staircase to the Ecumenical Temple.
  4466 | D:4      | Reached XP level 7. HP: 15/48 MP: 6/11
  4813 | D:4      | Learned a level 2 spell: Passwall
  4864 | D:4      | Reached skill level 1 in Transmutations
  5115 | D:4      | Identified the +0 chain mail of the Sea {rPois Will+}
  5235 | D:4      | Reached skill level 1 in Spellcasting
  5369 | D:4      | Reached skill level 1 in Earth Magic
  5387 | D:4      | Noticed Natasha
  5391 | D:4      | Killed Natasha
  5933 | D:5      | Entered Level 5 of the Dungeon
  6341 | D:5      | Found a snail-covered altar of Cheibriados.
  6445 | D:5      | Identified the +0 robe of Going Fast {Dex+2}
  6547 | D:5      | Reached XP level 8. HP: 54/54 MP: 12/12
  6559 | D:5      | Reached **** piety under Lugonu
  7542 | D:6      | Reached skill level 1 in Polearms
  7770 | D:4      | Killed Grinder
  7771 | D:4      | Reached skill level 3 in Polearms
  8134 | D:4      | Noticed Natasha
  8143 | D:4      | Killed Natasha
  8631 | D:6      | Reached skill level 4 in Polearms
  8682 | D:6      | Noticed Eustachio
  8692 | D:6      | Noticed Maggie
  8793 | D:6      | Noticed Edmund
  8837 | D:6      | Reached skill level 5 in Polearms
  9026 | D:6      | Reached skill level 6 in Polearms
  9217 | D:6      | Reached XP level 9. HP: 7/59 MP: 15/15
 10158 | D:7      | Reached skill level 7 in Polearms
 10663 | D:7      | Reached skill level 8 in Polearms
 10795 | D:7      | Reached skill level 9 in Polearms
 11594 | D:7      | Reached skill level 10 in Polearms
 12228 | D:6      | Reached skill level 11 in Polearms
 12311 | D:6      | Killed Edmund
 12757 | D:6      | Killed from afar by a white imp

Illustrated notes

Levels and vault maps discovered:
D:1:      lightli_molten_gateway, layout_rooms,
          hellmonk_ecumenical_altar_inner_sanctum, minmay_octomino_c4
D:2:      layout_loops_ring, serial_undead, serial_undead_a, serial_undead_e,
          serial_undead_d, serial_undead_a, serial_undead_b, serial_undead_a,
          basic_altar
D:3:      layout_rooms, serial_shops, nicolae_lakefront_shop,
          nicolae_lakefront_shop, portal_sewer_entry_d
D:4:      layout_loops_corners, minmay_temple_entry_grid, uniq_grinder,
          uniq_natasha
D:5:      layout_basic, marbit_many_paths, feat_on_display
D:6:      layout_cave_pods, uniq_eustachio, uniq_edmund, uniq_maggie
D:7:      layout_basic

Skill      XL: |  1  2  3  4  5  6  7  8  9 |
---------------+----------------------------+-----
Armour         | 1 2 |  2.0
Dodging        | 3 |  3.0
Throwing       | 1 2 |  2.0
Short Blades   | 1 |  1.0
Invocations    | 1 3 5 6 8 9 |  9.0
Stealth        | 2 |  2.0
Transmutations | 2 |  2.0
Spellcasting   | 2 |  2.0
Earth Magic    | 2 |  2.0
Polearms       | 6 11 | 11.6
Fighting       | |  1.1
Staves         | |  0.6
Evocations     | |  3.3

Action                   |  1- 3 |  4- 6 |  7- 9 || total
-------------------------+-------+-------+-------++-------
Melee: Club              |    19 |       |       ||    19
       Quarterstaff      |    57 |       |       ||    57
       Dagger            |    57 |   237 |   232 ||   526
       Punch             |     2 |     6 |     2 ||    10
       Tailslap          |       |    13 |       ||    13
       Halberd           |       |       |   120 ||   120
       Glaive            |       |       |    53 ||    53
Throw: Dart              |       |       |    49 ||    49
Invok: Banish            |       |     1 |     1 ||     2
       Bend Space        |       |       |     3 ||     3
Evoke: Wand              |     3 |     1 |    10 ||    14
       Piece from Xom's  |       |       |    10 ||    10
  Use: Scroll            |       |     1 |       ||     1
 Stab: Sleeping          |     3 |     9 |     5 ||    17
Armor: Leather armour    |    25 |    47 |    30 ||   102
       Robe              |       |       |    68 ||    68
Dodge: Dodged            |    84 |   107 |   253 ||   444
